 Dungeon Crawl Stone Soup version 0.20.1-1-g8b1a95d (webtiles) character file.

56 Gukra the Ruffian (level 3, -7/36 HPs)
             Began as a Troll Monk on Sept 30, 2017.
             Mangled by a gnoll
             ... wielding a +0 flail
              (8 damage)
             ... on level 2 of the Dungeon.
             The game lasted 00:03:13 (1419 turns).

Gukra the Ruffian (Troll Monk)                      Turns: 1419, Time: 00:03:14

Health: -7/36      AC:  5    Str: 19    XL:     3   Next: 71%
Magic:  2/2        EV: 10    Int:  7    God:
Gold:   94         SH:  0    Dex: 12    Spells: 2/2 levels left

rFire    . . .     SeeInvis .     - Unarmed
rCold    . . .     Gourm    +   (no shield)
rNeg     . . .     Faith    .   a - +0 robe
rPois    .         Spirit   .   (helmet restricted)
rElec    .         Reflect  .   (no cloak)
rCorr    .         Harm     .   (gloves unavailable)
MR       .....                  (boots unavailable)
Stlth    ++........             (no amulet)
Regen    0.6/turn               (no ring)
MPRegen  0.1/turn               (no ring)

@: no status effects
A: unfitting armour, claws 3, fast metabolism 3, gourmand, regeneration 1,
shaggy fur 1, tough skin 2
a: no special abilities


You were on level 2 of the Dungeon.
You were very full.

You visited 1 branch of the dungeon, and saw 3 of its levels.

You collected 94 gold pieces.

Inventory:

Missiles
 j - 15 poisoned needles
Armour
 a - a +0 robe (worn)
Scrolls
 f - 2 scrolls of identify
 g - a scroll of amnesia
 l - 3 scrolls of teleportation
 m - 3 scrolls of enchant armour {unknown}
Potions
 c - a potion of brilliance
 d - 2 potions of flight {unknown}
 e - a potion of lignification {unknown}
 h - a potion of heal wounds {unknown}
 k - a potion of curing {unknown}
Comestibles
 b - 3 bread rations
 i - a royal jelly


   Skills:
 + Level 2.8 Fighting
 + Level 2.6 Dodging
 - Level 1.0 Stealth
 * Level 4.2 Unarmed Combat


You had 2 spell levels left.
You didn't know any spells.

Dungeon Overview and Level Annotations

Branches:
Dungeon (3/15)

Altars:
Nemelex Xobeh


Innate Abilities, Weirdness & Mutations

You are too large for most types of armour.
You have claws for hands.
Your metabolism is lightning-fast.
You like to eat raw meat.
Your natural rate of healing is unusually fast.
You are covered in fur. (AC +1)
You have very tough skin. (AC +2)


Message History

Unknown command.
The gnoll hits you with a spear.
You climb upwards.
There is a stone staircase leading down here.
You closely miss the gnoll. The gnoll hits you with a flail.
The gnoll closely misses you.
You claw the gnoll!
The gnoll is severely wounded.
The gnoll hits you with a spear! The gnoll hits you with a flail.
You scratch the gnoll but do no damage.
The gnoll is severely wounded.
The gnoll hits you with a spear. The gnoll closely misses you.
You barely miss the gnoll.
The gnoll is severely wounded.
The gnoll hits you with a spear!
* * * LOW HITPOINT WARNING * * *
You closely miss the gnoll.
The gnoll is severely wounded.
The gnoll hits you with a flail!
You die...

#########.......†..#####
#### #.....#.##.#.#####
###.###.#.##...# ....#
#.#.###..## ### ##### #(#.#
#...# #.### # #.#.# ##..#
#.... #######.#.## #..##
#.##. .....".....####gg#
#.##. #######.#####...@#
#.##. ........# #.#### #####
#.##. #############.# #...#
#.##. # #........<#.# #.#.#
#.##. ###.#######.#.# #.#.#
#.#.. ....# #.....#.# #.#.#
#.#.#
#######.###.#.######.#.#
#.#.#
#............##.#.######.#.#
#..###.#.###.##.#.##........


You could see 2 gnolls.

Vanquished Creatures
  An adder (D:2)
  An ooze (D:2)
  2 worms (D:2)
  A dart slug (D:1)
  2 leopard geckos
  A giant cockroach (D:1)
  6 goblins
  4 hobgoblins
  2 jackals (D:1)
  5 bats
  3 frilled lizards (D:1)
  A kobold (D:1)
  3 rats
32 creatures vanquished.

Notes
Turn   | Place    | Note
-------+----------+-------------------------------------------
     0 | D:1      | Gukra the Troll Monk began the quest for the Orb.
     0 | D:1      | Reached XP level 1. HP: 22/22 MP: 0/0
   117 | D:1      | Reached XP level 2. HP: 20/29 MP: 1/1
   692 | D:2      | Reached XP level 3. HP: 36/36 MP: 2/2
   781 | D:2      | Reached skill level 4 in Unarmed Combat
  1244 | D:2      | Found a sparkling altar of Nemelex Xobeh.
  1418 | D:2      | HP: 1/36 [gnoll/spear (11)]
  1419 | D:2      | Mangled by a gnoll

Skill      XL: |  1  2  3 |
---------------+----------+-----
Unarmed Combat | 4 |  4.2
Fighting       | |  2.8
Dodging        | |  2.6
Stealth        | |  1.0

Action                   || total
-------------------------++-------
Melee: Unarmed           ||   101
       Punch             ||     1
  Use: Scroll            ||     5
 Stab: Sleeping          ||     2
  Eat: Chunk             ||    18
Armor: Robe              ||    43
Dodge: Dodged            ||    60
